 Dungeon Crawl Stone Soup version bcrawl-1.38.3 (webtiles) character file.

Game seed: 13348567981998218043

191189 Morbidden the Sneak (level 5, -1/30 HPs)
             Began as a Vine Stalker Archaeologist on July 2, 2023.
             Slain by a bullfrog (4 damage)
             ... in a sewer.
             The game lasted 00:03:52 (1797 turns).

Morbidden the Sneak (Vine Stalker Archaeologist)    Turns: 1797, Time: 00:03:52

Health: -1/30      AC:  7    Str: 13    XL:     5   Next: 57%
Magic:  8/8        EV: 11    Int: 15    God:
Gold:   1119       SH:  0    Dex: 13    Spells: 7/7 levels left

rFire    . . .     GDR:     25% a - +2 whip (freeze)
rCold    . . .     SeeInvis .   (no shield)
rNeg     . . .     Gourm    .   c - +1 robe
rPois    .         Faith    .   d - +1 hat
rElec    .         Spirit   .   v - +0 cloak (curse)
rCorr    .         Reflect  .   (no gloves)
MR       .....                  m - +1 pair of boots
Stlth    ++........             (no amulet)
HPRegen  0.55/turn              (no ring)
MPRegen  0.11/turn              (no ring)

@: lethally poisoned (-1 -> -2), constricted, very slow
A: fangs 2, regeneration 1, no potion heal 3, rot immunity, strong jaws
a: no special abilities


You were in a sewer.
You were not hungry.

You visited 1 branch of the dungeon, and saw 3 of its levels.
You also visited: Sewer.

You collected 1119 gold pieces.

Inventory:

Hand Weapons
 a - a +2 whip of freezing (weapon)
 b - a +0 blowgun
Missiles
 f - 6 curare-tipped needles
 o - 83 poisoned needles
Armour
 c - a +1 robe (worn)
 d - a +1 hat (worn)
 m - a +1 pair of boots (worn)
 v - a cursed +0 cloak (worn)
Jewellery
 x - an uncursed ring of stealth {unknown}
Scrolls
 g - 2 scrolls of magic mapping
 i - 3 scrolls of identify
 k - 2 scrolls of teleportation
 n - 4 scrolls of blinking {unknown}
 q - a scroll of amnesia {unknown}
 r - 2 scrolls of remove curse {unknown}
 t - 3 scrolls of enchant armour {unknown}
 y - 3 scrolls of fog
Potions
 h - a potion of might {unknown}
 j - 2 potions of mutation {unknown}
 p - a potion of curing {unknown}
 s - 2 potions of magic {unknown}
 u - a potion of haste {unknown}
 w - 3 potions of heal wounds {unknown}
Comestibles
 e - 9 rations {!d}
 l - 11 chunks of flesh


   Skills:
 * Level 1.8 Fighting
 * Level 2.2 Maces & Flails
 * Level 0.7 Armour
 * Level 4.4 Dodging
 + Level 5.0 Stealth
 * Level 1.9 Spellcasting


You had 7 spell levels left.
You didn't know any spells.
Your spell library was empty.

Dungeon Overview and Level Annotations

Branches:
Dungeon (3/12)

Altars:
Elyvilon


Innate Abilities, Weirdness & Mutations

You have extremely sharp teeth.
Your natural rate of healing is unusually fast.
Potions cannot restore your health.
You are immune to rotting.
Your bites deal extra damage.


Message History

* * * LOW HITPOINT WARNING * * *
The ball python bites you but does no damage.
The adder bites you but does no damage.
The bullfrog hits you but does no damage.
The ball python bites you but does no damage.
The adder bites you but does no damage. The ball python bites you.
* * * LOW HITPOINT WARNING * * *
The ball python constricts you.
No path to travel!
No path to travel!
No path to travel!
You closely miss the bullfrog.
The bullfrog is severely wounded.
The bullfrog hits you but does no damage.
The ball python closely misses you.
The ball python bites you but does no damage.
The bullfrog hits you.
* * * LOW HITPOINT WARNING * * *
The adder bites you but does no damage. The bullfrog hits you.
You die...

#≈≈≈≈÷≈#
#≈≈≈≈≈≈#
##.≈.÷≈#
#≈≈≈≈#≈#
#....≈≈#
#≈≈≈≈≈≈#
#≈≈...≈#
#≈≈≈≈.≈#
#≈≈≈≈≈≈#
#≈≈≈≈.≈#
#≈≈≈≈≈≈#
#≈≈≈#≈≈#
#≈≈≈≈≈≈#
#≈≈≈≈≈≈#
#≈≈≈≈≈≈#
#≈SSF≈≈#
#≈≈≈≈≈≈#
#≈S@S≈≈#
#≈≈≈≈≈≈#
#≈FSS≈≈#
#≈≈≈≈≈≈#
#≈≈#J≈≈#
#...≈..#
##.≈J≈##
#.÷....#
......
......##
#......#
......#
+......#
.....##
##. ..##
....##


You could see 2 bullfrogs, 2 oozes, 2 adders and 4 ball pythons.

Vanquished Creatures
  3 adders (Sewer)
  5 river rats (Sewer)
  An ooze (D:1)
  A worm (D:2)
  3 dart slugs
  6 leopard geckos
  An orc (D:2)
  9 giant cockroaches
  6 goblins
  10 hobgoblins
  5 kobolds
  A quokka (D:3)
  7 ball pythons (Sewer)
  6 bats
  A frilled lizard (Sewer)
  25 rats
90 creatures vanquished.

Notes
Turn   | Place    | Note
-------+----------+-------------------------------------------
     0 | D:1      | Morbidden the Vine Stalker Archaeologist began the quest
                  | for the Orb.
     0 | D:1      | Reached XP level 1. HP: 11/11 MP: 2/2
    99 | D:1      | Reached skill level 1 in Fighting
    99 | D:1      | Reached skill level 1 in Maces & Flails
   152 | D:1      | Reached XP level 2. HP: 16/16 MP: 3/3
   264 | D:1      | Reached XP level 3. HP: 20/20 MP: 4/4
   963 | D:2      | Reached skill level 5 in Stealth
   976 | D:2      | Reached skill level 1 in Spellcasting
   980 | D:2      | Found a white marble altar of Elyvilon.
   988 | D:2      | Reached XP level 4. HP: 25/25 MP: 6/6
  1331 | D:3      | Found a glowing drain.
  1405 | Sewer    | Entered a sewer
  1543 | Sewer    | Reached XP level 5. HP: 5/30 MP: 6/8
  1543 | Sewer    | Identified a scroll of acquirement
  1543 | Sewer    | Identified the +1 morningstar of the Priest {holy, +Blink
                  | rElec rF+ MR-} (You acquired it in a sewer)
  1543 | Sewer    | Identified the +1 buckler of the Wheelwright {-Tele Regen+
                  | Int+4} (You acquired it in a sewer)
  1543 | Sewer    | Identified the ring of Departure {*Drain +Fly rC- Str+5
                  | SInv} (You acquired it in a sewer)
  1787 | Sewer    | Noticed a bullfrog
  1787 | Sewer    | Noticed a bullfrog
  1797 | Sewer    | Slain by a bullfrog

Skill      XL: |  1  2  3  4 |
---------------+-------------+-----
Fighting       | 1 |  1.8
Maces & Flails | 1 2 |  2.2
Stealth        | 5 |  5.0
Spellcasting   | 1 |  1.9
Dodging        | 4 |  4.4
Armour         | |  0.7

Action                   |  1- 3 |  4- 6 || total
-------------------------+-------+-------++-------
Melee: Whip              |   138 |   212 ||   350
       Bite              |    13 |    11 ||    24
 Fire: Blowgun           |       |     5 ||     5
  Use: Scroll            |       |     4 ||     4
 Stab: Sleeping          |     9 |     1 ||    10
       Distracted        |     1 |       ||     1
  Eat: Chunk             |     4 |    10 ||    14
Armor: Robe              |    58 |   101 ||   159
Dodge: Dodged            |   105 |   226 ||   331
